Workbook

Sheet May 2016
A1: Check Number | D1: Check Date | E1: Vendor Name | G1: Transaction Amount | V1: Description | W1: Account Name | X1: Department | Y1: Division | Z1: Object of Expenditure | AB1: Project Number
A2: 436737 | D2: 42493 | E2: BOB TOMES FORD | G2: 396.41 | V2: BLANKET PURCHASE ORDER | W2: AUTO MAINTENANCE | X2: EQUIPMENT SERVICES | Y2: EQUIP SERV-SHARED | Z2: BLANKET PURCHASE ORDER
A8: 437398 | D8: 42507 | G8: 723.03 | V8: AUTO/TRUCK MAINT. ITEMS | W8: PARTS | Z8: AUTO/TRUCK MAINT. ITEMS
G9: 175.74 | V9: BLANKET PURCHASE ORDER | W9: AUTO MAINTENANCE | X9: EQUIPMENT SERVICES | Y9: EQUIP SERV-SHARED | Z9: BLANKET PURCHASE ORDER
A10: 437879 | D10: 42521 | G10: 473.78 | V10: AUTO/TRUCK MAINT. ITEMS | W10: PARTS | Z10: AUTO/TRUCK MAINT. ITEMS
G11: 377.65 | V11: BLANKET PURCHASE ORDER | W11: AUTO MAINTENANCE | X11: EQUIPMENT SERVICES | Y11: EQUIP SERV-SHARED | Z11: BLANKET PURCHASE ORDER
N15: =SUM(hList_Frame_1!B1:B12) -> 2146.61
A17: 437049 | D17: 42500 | E17: BOB BARKER COMPANY, INC | G17: 4239 | V17: CLOTHING AND APPAREL | W17: DETENTION SUPPLIES | X17: SHERIFF'S OFFICE | Y17: JAIL OPS-ADMIN | Z17: CLOTHING AND APPAREL
A19: 437880 | D19: 42521 | G19: 1044 | V19: CLOTHING AND APPAREL | W19: DETENTION SUPPLIES | X19: SHERIFF'S OFFICE | Y19: JAIL OPS-ADMIN | Z19: CLOTHING AND APPAREL
G20: 381 | V20: PERSONAL HYGIENE&GROOMING | W20: DETENTION SUPPLIES | X20: JUVENILE PROBATION | Y20: JUV DET -ADMIN | Z20: PERSONAL HYGIENE&GROOMING
N22: =SUM(hList_Frame_1!B13:B16) -> 5664
A24: 436738 | D24: 42493 | E24: ECOLAB INC | G24: 2510 | V24: JANITORIAL SUPPLIES-GEN. | W24: DETENTION SUPPLIES | X24: SHERIFF'S OFFICE | Y24: JAIL OPS-ADMIN | Z24: JANITORIAL SUPPLIES-GEN.
G25: 472 | V25: LAUNDRY/DRY CLEAN SUPPLY | W25: DETENTION SUPPLIES | X25: SHERIFF'S OFFICE | Y25: JAIL OPS-ADMIN | Z25: LAUNDRY/DRY CLEAN SUPPLY
A26: 437050 | D26: 42500 | G26: 166.75 | V26: JANITORIAL SUPPLIES-GEN. | W26: KITCHEN SUPPLIES | X26: SHERIFF'S OFFICE | Y26: JAIL CAFE-ADMIN | Z26: JANITORIAL SUPPLIES-GEN.
A27: 437881 | D27: 42521 | G27: 1097.6 | V27: JANITORIAL SUPPLIES-GEN. | W27: JANITORIAL SUPPLIES | X27: JUVENILE PROBATION | Y27: JUV DET -ADMIN | Z27: JANITORIAL SUPPLIES-GEN.
G28: 256.4 | V28: SUPPLIES | W28: JANITORIAL SUPPLIES | X28: MEDICAL EXAMINER | Y28: ME-ADMIN | Z28: SUPPLIES
N30: =SUM(hList_Frame_1!B17:B21) -> 4502.75
A32: 436739 | D32: 42493 | E32: MATTHEW BENDER & CO INC | G32: 503.67 | V32: MISC PROFESSIONAL SERVICE | W32: LIBRARY UPDATES | X32: BUDGET | Y32: LAW LIBRARY-ADMIN | Z32: MISC PROFESSIONAL SERVICE
A33: 437399 | D33: 42507 | G33: 250.03 | V33: MISC PROFESSIONAL SERVICE | W33: LIBRARY UPDATES | X33: BUDGET | Y33: LAW LIBRARY-ADMIN | Z33: MISC PROFESSIONAL SERVICE
A34: 437400 | D34: 42507 | G34: 128.53 | V34: PUBLICATIONS/AUDIOVISUALS | W34: OFFICE SUPPLIES | X34: CONSTABLES | Y34: C4-ADMIN | Z34: PUBLICATIONS/AUDIOVISUALS
A35: 437882 | D35: 42521 | G35: 125.43 | V35: MISC PROFESSIONAL SERVICE | W35: LIBRARY UPDATES | X35: BUDGET | Y35: LAW LIBRARY-ADMIN | Z35: MISC PROFESSIONAL SERVICE
N37: =SUM(hList_Frame_1!B22:B25) -> 1007.66
A39: 437401 | D39: 42507 | E39: GIBBS, GREGG M PC | G39: 6500 | V39: 296-30131-14 | W39: COURT APPOINTED ATTORNEY | X39: COURT APPT REPRESENTATION | Y39: COURT APPT REPRESENTATION | Z39: 296-30131-14 | AB39: ID296A
A41: 437883 | D41: 42521 | G41: 1356.25 | V41: 199-30085-15 | W41: COURT APPOINTED ATTORNEY | X41: COURT APPT REPRESENTATION | Y41: COURT APPT REPRESENTATION | Z41: 199-30085-15 | AB41: ID199A
G42: 675 | V42: 416-30011-15 | W42: COURT APPOINTED ATTORNEY | X42: COURT APPT REPRESENTATION | Y42: COURT APPT REPRESENTATION | Z42: 416-30011-15 | AB42: ID416A
N44: =SUM(hList_Frame_1!B26:B28) -> 8531.25
A46: 436740 | D46: 42493 | E46: HEIDENHEIMER, MARK | G46: 450 | V46: 001-81324-16 | W46: COURT APPOINTED ATTORNEY | X46: COURT APPT REPRESENTATION | Y46: COURT APPT REPRESENTATION | Z46: 001-81324-16 | AB46: IDCL1N
A47: 437051 | D47: 42500 | G47: 450 | V47: 002-80202-16 | W47: COURT APPOINTED ATTORNEY | X47: COURT APPT REPRESENTATION | Y47: COURT APPT REPRESENTATION | Z47: 002-80202-16 | AB47: IDCL2M
G48: 450 | V48: 002-81299-14 | W48: COURT APPOINTED ATTORNEY | X48: COURT APPT REPRESENTATION | Y48: COURT APPT REPRESENTATION | Z48: 002-81299-14 | AB48: IDCL2M
A49: 437884 | D49: 42521 | G49: 1250 | V49: 001-88592-15 | W49: COURT APPOINTED ATTORNEY | X49: COURT APPT REPRESENTATION | Y49: COURT APPT REPRESENTATION | Z49: 001-88592-15 | AB49: IDCL1M
N51: =SUM(hList_Frame_1!B29:B32) -> 2600
A53: 437052 | D53: 42500 | E53: POLLOCK PAPER DISTRIBUTORS | G53: 381.6 | V53: SUPPLIES | W53: JANITORIAL SUPPLIES | X53: FACILITIES & PARKS | Y53: BUILD SUP-SHARED | Z53: SUPPLIES | AB53: B17001
A54: 437402 | D54: 42507 | G54: 1098.4 | V54: JANITORIAL SUPPLIES-GEN. | W54: JANITORIAL SUPPLIES | X54: SHERIFF'S OFFICE | Y54: JAIL OPS-ADMIN | Z54: JANITORIAL SUPPLIES-GEN.
N56: =SUM(hList_Frame_1!B33:B34) -> 1480
A58: 436741 | D58: 42493 | E58: STORAGE EQUIPMENT CO | G58: 22653 | V58: FURNITURE, OFFICE | W58: BUILDING MAINTENANCE | X58: FACILITIES & PARKS | Y58: FAC-SERVICE CENTER | Z58: FURNITURE, OFFICE
K60: =SUM(hList_Frame_1!B35:B35) -> 22653
A62: 437403 | D62: 42507 | E62: THOMASON TIRE INC | G62: 239.95 | V62: BLANKET PURCHASE ORDER | W62: HEAVY EQUIPMENT REPAIR | X62: EQUIPMENT SERVICES | Y62: EQUIP SERV-SHARED | Z62: BLANKET PURCHASE ORDER
Q65: =SUM(hList_Frame_1!B36:B37) -> 239.95
A67: 437885 | D67: 42521 | E67: TEXOMA FIRE EQUIPMENT INC | G67: 187 | V67: PW/CONSTRUCT/RELATED SERV | W67: FIRE SYSTEM CERTIFICATION | X67: FACILITIES & PARKS | Y67: BUILD SUP-SHARED | Z67: PW/CONSTRUCT/RELATED SERV | AB67: B03002
Q69: =SUM(hList_Frame_1!B38:B38) -> 187
A71: 436742 | D71: 42493 | E71: WEST PUBLISHING CORPORATION | G71: 1440 | V71: BLANKET PURCHASE ORDER | W71: LIBRARY UPDATES | X71: BUDGET | Y71: LAW LIBRARY-ADMIN | Z71: BLANKET PURCHASE ORDER
A72: 437053 | D72: 42500 | G72: 45 | V72: PUBLICATIONS/AUDIOVISUALS | W72: DUES & SUBSCRIPTIONS | X72: UNALLOCATED | Y72: NON-DEPARTMENTAL | Z72: PUBLICATIONS/AUDIOVISUALS
A73: 437404 | D73: 42507 | G73: 4988.24 | V73: BLANKET PURCHASE ORDER | W73: COMMUNICATION LINE LEASE | X73: BUDGET | Y73: LAW LIBRARY-ADMIN | Z73: BLANKET PURCHASE ORDER
A74: 437405 | D74: 42507 | G74: 5707 | V74: BLANKET PURCHASE ORDER | W74: LIBRARY UPDATES | X74: BUDGET | Y74: LAW LIBRARY-ADMIN | Z74: BLANKET PURCHASE ORDER
A75: 437406 | D75: 42507 | G75: 113 | V75: PUBLICATIONS/AUDIOVISUALS | W75: LIBRARY BOOKS | X75: JUSTICES OF THE PEACE | Y75: JP4-ADMIN | Z75: PUBLICATIONS/AUDIOVISUALS
A76: 437407 | D76: 42507 | G76: 45 | V76: PUBLICATIONS/AUDIOVISUALS | W76: DUES & SUBSCRIPTIONS | X76: UNALLOCATED | Y76: NON-DEPARTMENTAL | Z76: PUBLICATIONS/AUDIOVISUALS
A77: 437886 | D77: 42521 | G77: 4201.54 | V77: BLANKET PURCHASE ORDER | W77: LIBRARY BOOKS | X77: DISTRICT ATTORNEY | Y77: DA-ADMIN | Z77: BLANKET PURCHASE ORDER
G79: 113 | V79: PUBLICATIONS/AUDIOVISUALS | W79: LIBRARY BOOKS | X79: DISTRICT COURTS | Y79: 296TH DC-ADMIN | Z79: PUBLICATIONS/AUDIOVISUALS
A80: 437887 | D80: 42521 | G80: 58 | V80: PUBLICATIONS/AUDIOVISUALS | W80: DUES & SUBSCRIPTIONS | X80: UNALLOCATED | Y80: NON-DEPARTMENTAL | Z80: PUBLICATIONS/AUDIOVISUALS
K82: =SUM(hList_Frame_1!B39:B48) -> 16710.78
A84: 436743 | D84: 42493 | E84: PLANO POWER EQUIPMENT | G84: 30.84 | V84: BLANKET PURCHASE ORDER | W84: GROUNDS EQUIPMENT MAINT | X84: EQUIPMENT SERVICES | Y84: EQUIP SERV-SHARED | Z84: BLANKET PURCHASE ORDER
A85: 437888 | D85: 42521 | G85: 876.79 | V85: BLANKET PURCHASE ORDER | W85: GROUNDS EQUIPMENT MAINT | X85: EQUIPMENT SERVICES | Y85: EQUIP SERV-SHARED | Z85: BLANKET PURCHASE ORDER
Q89: =SUM(hList_Frame_1!B49:B52) -> 907.63
A91: 437054 | D91: 42500 | E91: GEBO CREDIT CORPORATION | G91: 31.88 | V91: BLANKET PURCHASE ORDER | W91: AUTO MAINTENANCE | X91: EQUIPMENT SERVICES | Y91: EQUIP SERV-SHARED | Z91: BLANKET PURCHASE ORDER
A94: 437889 | D94: 42521 | G94: 394.74 | V94: BLANKET PURCHASE ORDER | W94: ANIMAL CARE | X94: ANIMAL SHELTER | Y94: ANIMAL SHELTER-ADMIN | Z94: BLANKET PURCHASE ORDER
W96: AUTO MAINTENANCE | X96: EQUIPMENT SERVICES | Y96: EQUIP SERV-SHARED
W97: HEAVY EQUIPMENT REPAIR | X97: EQUIPMENT SERVICES | Y97: EQUIP SERV-SHARED
W98: SMALL TOOLS | X98: PUBLIC WORKS | Y98: R&B - ADMIN
Q100: =SUM(hList_Frame_1!B53:B60) -> 426.62
A102: 436744 | D102: 42493 | E102: BEN E KEITH DFW | G102: 4680.97 | V102: EDIBLE FOODS, STAPLE | W102: FOOD SUPPLIES | X102: JUVENILE PROBATION | Y102: JUV DET -ADMIN | Z102: EDIBLE FOODS, STAPLE
W103: JAIL FOOD
W104: MINIMUM SECURITY FOOD
G105: 1911.04 | V105: FOODS, PERISHABLE | W105: JAIL FOOD | Z105: FOODS, PERISHABLE
W106: MINIMUM SECURITY FOOD
G107: 1141.99 | V107: FOODS, READY-TO-EAT | W107: JAIL FOOD | Z107: FOODS, READY-TO-EAT
W108: MINIMUM SECURITY FOOD
A109: 437055 | D109: 42500 | G109: 1013.44 | V109: EDIBLE FOODS, STAPLE | W109: JAIL FOOD | Z109: EDIBLE FOODS, STAPLE
G110: 1243.4 | V110: FOODS, PERISHABLE | W110: JAIL FOOD | Z110: FOODS, PERISHABLE
G111: 585.01 | V111: FOODS, READY-TO-EAT | W111: JAIL FOOD | Z111: FOODS, READY-TO-EAT
G112: 74.78 | V112: HARDWARE: SHELF & ALLIED | W112: JAIL FOOD | Z112: HARDWARE: SHELF & ALLIED
G113: 484.71 | V113: PAPER/PLASTIC, DISPOSABLE | W113: JAIL FOOD | Z113: PAPER/PLASTIC, DISPOSABLE
A114: 437408 | D114: 42507 | G114: 5663.51 | V114: EDIBLE FOODS, STAPLE | W114: JAIL FOOD | Z114: EDIBLE FOODS, STAPLE
W116: MINIMUM SECURITY FOOD
G118: 4649.18 | V118: FOODS, PERISHABLE | W118: JAIL FOOD | Z118: FOODS, PERISHABLE
W120: MINIMUM SECURITY FOOD
G122: 2798.05 | V122: FOODS, READY-TO-EAT | W122: JAIL FOOD | Z122: FOODS, READY-TO-EAT
W124: MINIMUM SECURITY FOOD
G126: 228.04 | V126: PAPER/PLASTIC, DISPOSABLE | W126: MINIMUM SECURITY FOOD | Z126: PAPER/PLASTIC, DISPOSABLE
A127: 437890 | D127: 42521 | G127: 3756.53 | V127: EDIBLE FOODS, STAPLE | W127: FOOD SUPPLIES | X127: JUVENILE PROBATION | Y127: JUV DET -ADMIN | Z127: EDIBLE FOODS, STAPLE
W128: JAIL FOOD
W129: MINIMUM SECURITY FOOD
G131: 2660.73 | V131: FOODS, PERISHABLE | W131: JAIL FOOD | Z131: FOODS, PERISHABLE
W132: MINIMUM SECURITY FOOD
G134: 984.81 | V134: FOODS, READY-TO-EAT | W134: JAIL FOOD | Z134: FOODS, READY-TO-EAT
W135: MINIMUM SECURITY FOOD
G137: 3750 | V137: MISC PROFESSIONAL SERVICE | W137: FOOD SUPPLIES | X137: SHERIFF'S OFFICE | Y137: JAIL OPS-ADMIN | Z137: MISC PROFESSIONAL SERVICE
K139: =SUM(hList_Frame_1!B61:B96) -> 35626.19
A141: 437409 | D141: 42507 | E141: ROMCO EQUIPMENT CO | G141: 628.73 | V141: BLANKET PURCHASE ORDER | W141: HEAVY EQUIPMENT REPAIR | X141: EQUIPMENT SERVICES | Y141: EQUIP SERV-SHARED | Z141: BLANKET PURCHASE ORDER
A142: 437891 | D142: 42521 | G142: 57.67 | V142: AUTO/TRUCK MAINT. ITEMS | W142: PARTS | Z142: AUTO/TRUCK MAINT. ITEMS
Q144: =SUM(hList_Frame_1!B97:B98) -> 686.4
A146: 436745 | D146: 42493 | E146: TX LAWYER | G146: 245 | V146: MISC PROFESSIONAL SERVICE | W146: LIBRARY UPDATES | X146: BUDGET | Y146: LAW LIBRARY-ADMIN | Z146: MISC PROFESSIONAL SERVICE
Q148: =SUM(hList_Frame_1!B99:B99) -> 245
A150: 437892 | D150: 42521 | E150: IBM | G150: 2050 | V150: DP SERV/SOFTWARE PURCHASE | W150: SOFTWARE | X150: HEALTHCARE SERVICES | Y150: GRANT - IDCU/SUREB | Z150: DP SERV/SOFTWARE PURCHASE | AB150: GT217A
N152: =SUM(hList_Frame_1!B100:B100) -> 2050
A154: 437893 | D154: 42521 | E154: ALFORD INSURANCE AGENCY | G154: 71 | V154: FINANCIAL/ACCOUNTANCY SER | W154: NOTARY BONDS | X154: UNALLOCATED | Y154: NON-DEPARTMENTAL | Z154: FINANCIAL/ACCOUNTANCY SER
G155: 29.42 | V155: MISC PROFESSIONAL SERVICE | W155: SPECIAL DELIVERY SERVICE | X155: BUDGET | Y155: SUPPORT SERVICES - SHARED | Z155: MISC PROFESSIONAL SERVICE
Q157: =SUM(hList_Frame_1!B101:B102) -> 100.42
A159: 437410 | D159: 42507 | E159: AMERICAN ASSN OF LAW LIBRARIES | G159: 262 | V159: MISCELLANEOUS SERVICES | W159: DUES & SUBSCRIPTIONS | X159: BUDGET | Y159: LAW LIBRARY-ADMIN | Z159: MISCELLANEOUS SERVICES
A160: 437860 | D160: 42521 | G160: 599 | V160: MISCELLANEOUS SERVICES | W160: EDUCATION & CONFERENCE | X160: BUDGET | Y160: LAW LIBRARY-ADMIN | Z160: MISCELLANEOUS SERVICES
Q162: =SUM(hList_Frame_1!B103:B104) -> 861
...

Sheet hList_Frame_1
A1: =IF(ISBLANK('May 2016'!A2),"",IF(ISTEXT('May 2016'!A2),0,'May 2016'!A2)) -> 436737 | B1: =IF(ISBLANK('May 2016'!G2),"",IF(ISTEXT('May 2016'!G2),0,'May 2016'!G2)) -> 396.41
A2: =IF(ISBLANK('May 2016'!A3),"",IF(ISTEXT('May 2016'!A3),0,'May 2016'!A3)) | B2: =IF(ISBLANK('May 2016'!G3),"",IF(ISTEXT('May 2016'!G3),0,'May 2016'!G3))
A3: =IF(ISBLANK('May 2016'!A4),"",IF(ISTEXT('May 2016'!A4),0,'May 2016'!A4)) | B3: =IF(ISBLANK('May 2016'!G4),"",IF(ISTEXT('May 2016'!G4),0,'May 2016'!G4))
A4: =IF(ISBLANK('May 2016'!A5),"",IF(ISTEXT('May 2016'!A5),0,'May 2016'!A5)) | B4: =IF(ISBLANK('May 2016'!G5),"",IF(ISTEXT('May 2016'!G5),0,'May 2016'!G5))
A5: =IF(ISBLANK('May 2016'!A6),"",IF(ISTEXT('May 2016'!A6),0,'May 2016'!A6)) | B5: =IF(ISBLANK('May 2016'!G6),"",IF(ISTEXT('May 2016'!G6),0,'May 2016'!G6))
A6: =IF(ISBLANK('May 2016'!A7),"",IF(ISTEXT('May 2016'!A7),0,'May 2016'!A7)) | B6: =IF(ISBLANK('May 2016'!G7),"",IF(ISTEXT('May 2016'!G7),0,'May 2016'!G7))
A7: =IF(ISBLANK('May 2016'!A8),"",IF(ISTEXT('May 2016'!A8),0,'May 2016'!A8)) -> 437398 | B7: =IF(ISBLANK('May 2016'!G8),"",IF(ISTEXT('May 2016'!G8),0,'May 2016'!G8)) -> 723.03
A8: =IF(ISBLANK('May 2016'!A9),"",IF(ISTEXT('May 2016'!A9),0,'May 2016'!A9)) | B8: =IF(ISBLANK('May 2016'!G9),"",IF(ISTEXT('May 2016'!G9),0,'May 2016'!G9)) -> 175.74
A9: =IF(ISBLANK('May 2016'!A10),"",IF(ISTEXT('May 2016'!A10),0,'May 2016'!A10)) -> 437879 | B9: =IF(ISBLANK('May 2016'!G10),"",IF(ISTEXT('May 2016'!G10),0,'May 2016'!G10)) -> 473.78
A10: =IF(ISBLANK('May 2016'!A11),"",IF(ISTEXT('May 2016'!A11),0,'May 2016'!A11)) | B10: =IF(ISBLANK('May 2016'!G11),"",IF(ISTEXT('May 2016'!G11),0,'May 2016'!G11)) -> 377.65
A11: =IF(ISBLANK('May 2016'!A12),"",IF(ISTEXT('May 2016'!A12),0,'May 2016'!A12)) | B11: =IF(ISBLANK('May 2016'!G12),"",IF(ISTEXT('May 2016'!G12),0,'May 2016'!G12))
A12: =IF(ISBLANK('May 2016'!A13),"",IF(ISTEXT('May 2016'!A13),0,'May 2016'!A13)) | B12: =IF(ISBLANK('May 2016'!G13),"",IF(ISTEXT('May 2016'!G13),0,'May 2016'!G13))
A13: =IF(ISBLANK('May 2016'!A17),"",IF(ISTEXT('May 2016'!A17),0,'May 2016'!A17)) -> 437049 | B13: =IF(ISBLANK('May 2016'!G17),"",IF(ISTEXT('May 2016'!G17),0,'May 2016'!G17)) -> 4239
A14: =IF(ISBLANK('May 2016'!A18),"",IF(ISTEXT('May 2016'!A18),0,'May 2016'!A18)) | B14: =IF(ISBLANK('May 2016'!G18),"",IF(ISTEXT('May 2016'!G18),0,'May 2016'!G18))
A15: =IF(ISBLANK('May 2016'!A19),"",IF(ISTEXT('May 2016'!A19),0,'May 2016'!A19)) -> 437880 | B15: =IF(ISBLANK('May 2016'!G19),"",IF(ISTEXT('May 2016'!G19),0,'May 2016'!G19)) -> 1044
A16: =IF(ISBLANK('May 2016'!A20),"",IF(ISTEXT('May 2016'!A20),0,'May 2016'!A20)) | B16: =IF(ISBLANK('May 2016'!G20),"",IF(ISTEXT('May 2016'!G20),0,'May 2016'!G20)) -> 381
A17: =IF(ISBLANK('May 2016'!A24),"",IF(ISTEXT('May 2016'!A24),0,'May 2016'!A24)) -> 436738 | B17: =IF(ISBLANK('May 2016'!G24),"",IF(ISTEXT('May 2016'!G24),0,'May 2016'!G24)) -> 2510
A18: =IF(ISBLANK('May 2016'!A25),"",IF(ISTEXT('May 2016'!A25),0,'May 2016'!A25)) | B18: =IF(ISBLANK('May 2016'!G25),"",IF(ISTEXT('May 2016'!G25),0,'May 2016'!G25)) -> 472
A19: =IF(ISBLANK('May 2016'!A26),"",IF(ISTEXT('May 2016'!A26),0,'May 2016'!A26)) -> 437050 | B19: =IF(ISBLANK('May 2016'!G26),"",IF(ISTEXT('May 2016'!G26),0,'May 2016'!G26)) -> 166.75
A20: =IF(ISBLANK('May 2016'!A27),"",IF(ISTEXT('May 2016'!A27),0,'May 2016'!A27)) -> 437881 | B20: =IF(ISBLANK('May 2016'!G27),"",IF(ISTEXT('May 2016'!G27),0,'May 2016'!G27)) -> 1097.6
A21: =IF(ISBLANK('May 2016'!A28),"",IF(ISTEXT('May 2016'!A28),0,'May 2016'!A28)) | B21: =IF(ISBLANK('May 2016'!G28),"",IF(ISTEXT('May 2016'!G28),0,'May 2016'!G28)) -> 256.4
A22: =IF(ISBLANK('May 2016'!A32),"",IF(ISTEXT('May 2016'!A32),0,'May 2016'!A32)) -> 436739 | B22: =IF(ISBLANK('May 2016'!G32),"",IF(ISTEXT('May 2016'!G32),0,'May 2016'!G32)) -> 503.67
A23: =IF(ISBLANK('May 2016'!A33),"",IF(ISTEXT('May 2016'!A33),0,'May 2016'!A33)) -> 437399 | B23: =IF(ISBLANK('May 2016'!G33),"",IF(ISTEXT('May 2016'!G33),0,'May 2016'!G33)) -> 250.03
A24: =IF(ISBLANK('May 2016'!A34),"",IF(ISTEXT('May 2016'!A34),0,'May 2016'!A34)) -> 437400 | B24: =IF(ISBLANK('May 2016'!G34),"",IF(ISTEXT('May 2016'!G34),0,'May 2016'!G34)) -> 128.53
A25: =IF(ISBLANK('May 2016'!A35),"",IF(ISTEXT('May 2016'!A35),0,'May 2016'!A35)) -> 437882 | B25: =IF(ISBLANK('May 2016'!G35),"",IF(ISTEXT('May 2016'!G35),0,'May 2016'!G35)) -> 125.43
A26: =IF(ISBLANK('May 2016'!A39),"",IF(ISTEXT('May 2016'!A39),0,'May 2016'!A39)) -> 437401 | B26: =IF(ISBLANK('May 2016'!G39),"",IF(ISTEXT('May 2016'!G39),0,'May 2016'!G39)) -> 6500
A27: =IF(ISBLANK('May 2016'!A41),"",IF(ISTEXT('May 2016'!A41),0,'May 2016'!A41)) -> 437883 | B27: =IF(ISBLANK('May 2016'!G41),"",IF(ISTEXT('May 2016'!G41),0,'May 2016'!G41)) -> 1356.25
A28: =IF(ISBLANK('May 2016'!A42),"",IF(ISTEXT('May 2016'!A42),0,'May 2016'!A42)) | B28: =IF(ISBLANK('May 2016'!G42),"",IF(ISTEXT('May 2016'!G42),0,'May 2016'!G42)) -> 675
A29: =IF(ISBLANK('May 2016'!A46),"",IF(ISTEXT('May 2016'!A46),0,'May 2016'!A46)) -> 436740 | B29: =IF(ISBLANK('May 2016'!G46),"",IF(ISTEXT('May 2016'!G46),0,'May 2016'!G46)) -> 450
A30: =IF(ISBLANK('May 2016'!A47),"",IF(ISTEXT('May 2016'!A47),0,'May 2016'!A47)) -> 437051 | B30: =IF(ISBLANK('May 2016'!G47),"",IF(ISTEXT('May 2016'!G47),0,'May 2016'!G47)) -> 450
A31: =IF(ISBLANK('May 2016'!A48),"",IF(ISTEXT('May 2016'!A48),0,'May 2016'!A48)) | B31: =IF(ISBLANK('May 2016'!G48),"",IF(ISTEXT('May 2016'!G48),0,'May 2016'!G48)) -> 450
A32: =IF(ISBLANK('May 2016'!A49),"",IF(ISTEXT('May 2016'!A49),0,'May 2016'!A49)) -> 437884 | B32: =IF(ISBLANK('May 2016'!G49),"",IF(ISTEXT('May 2016'!G49),0,'May 2016'!G49)) -> 1250
A33: =IF(ISBLANK('May 2016'!A53),"",IF(ISTEXT('May 2016'!A53),0,'May 2016'!A53)) -> 437052 | B33: =IF(ISBLANK('May 2016'!G53),"",IF(ISTEXT('May 2016'!G53),0,'May 2016'!G53)) -> 381.6
A34: =IF(ISBLANK('May 2016'!A54),"",IF(ISTEXT('May 2016'!A54),0,'May 2016'!A54)) -> 437402 | B34: =IF(ISBLANK('May 2016'!G54),"",IF(ISTEXT('May 2016'!G54),0,'May 2016'!G54)) -> 1098.4
A35: =IF(ISBLANK('May 2016'!A58),"",IF(ISTEXT('May 2016'!A58),0,'May 2016'!A58)) -> 436741 | B35: =IF(ISBLANK('May 2016'!G58),"",IF(ISTEXT('May 2016'!G58),0,'May 2016'!G58)) -> 22653
A36: =IF(ISBLANK('May 2016'!A62),"",IF(ISTEXT('May 2016'!A62),0,'May 2016'!A62)) -> 437403 | B36: =IF(ISBLANK('May 2016'!G62),"",IF(ISTEXT('May 2016'!G62),0,'May 2016'!G62)) -> 239.95
A37: =IF(ISBLANK('May 2016'!A63),"",IF(ISTEXT('May 2016'!A63),0,'May 2016'!A63)) | B37: =IF(ISBLANK('May 2016'!G63),"",IF(ISTEXT('May 2016'!G63),0,'May 2016'!G63))
A38: =IF(ISBLANK('May 2016'!A67),"",IF(ISTEXT('May 2016'!A67),0,'May 2016'!A67)) -> 437885 | B38: =IF(ISBLANK('May 2016'!G67),"",IF(ISTEXT('May 2016'!G67),0,'May 2016'!G67)) -> 187
A39: =IF(ISBLANK('May 2016'!A71),"",IF(ISTEXT('May 2016'!A71),0,'May 2016'!A71)) -> 436742 | B39: =IF(ISBLANK('May 2016'!G71),"",IF(ISTEXT('May 2016'!G71),0,'May 2016'!G71)) -> 1440
A40: =IF(ISBLANK('May 2016'!A72),"",IF(ISTEXT('May 2016'!A72),0,'May 2016'!A72)) -> 437053 | B40: =IF(ISBLANK('May 2016'!G72),"",IF(ISTEXT('May 2016'!G72),0,'May 2016'!G72)) -> 45
A41: =IF(ISBLANK('May 2016'!A73),"",IF(ISTEXT('May 2016'!A73),0,'May 2016'!A73)) -> 437404 | B41: =IF(ISBLANK('May 2016'!G73),"",IF(ISTEXT('May 2016'!G73),0,'May 2016'!G73)) -> 4988.24
A42: =IF(ISBLANK('May 2016'!A74),"",IF(ISTEXT('May 2016'!A74),0,'May 2016'!A74)) -> 437405 | B42: =IF(ISBLANK('May 2016'!G74),"",IF(ISTEXT('May 2016'!G74),0,'May 2016'!G74)) -> 5707
A43: =IF(ISBLANK('May 2016'!A75),"",IF(ISTEXT('May 2016'!A75),0,'May 2016'!A75)) -> 437406 | B43: =IF(ISBLANK('May 2016'!G75),"",IF(ISTEXT('May 2016'!G75),0,'May 2016'!G75)) -> 113
A44: =IF(ISBLANK('May 2016'!A76),"",IF(ISTEXT('May 2016'!A76),0,'May 2016'!A76)) -> 437407 | B44: =IF(ISBLANK('May 2016'!G76),"",IF(ISTEXT('May 2016'!G76),0,'May 2016'!G76)) -> 45
A45: =IF(ISBLANK('May 2016'!A77),"",IF(ISTEXT('May 2016'!A77),0,'May 2016'!A77)) -> 437886 | B45: =IF(ISBLANK('May 2016'!G77),"",IF(ISTEXT('May 2016'!G77),0,'May 2016'!G77)) -> 4201.54
A46: =IF(ISBLANK('May 2016'!A78),"",IF(ISTEXT('May 2016'!A78),0,'May 2016'!A78)) | B46: =IF(ISBLANK('May 2016'!G78),"",IF(ISTEXT('May 2016'!G78),0,'May 2016'!G78))
A47: =IF(ISBLANK('May 2016'!A79),"",IF(ISTEXT('May 2016'!A79),0,'May 2016'!A79)) | B47: =IF(ISBLANK('May 2016'!G79),"",IF(ISTEXT('May 2016'!G79),0,'May 2016'!G79)) -> 113
A48: =IF(ISBLANK('May 2016'!A80),"",IF(ISTEXT('May 2016'!A80),0,'May 2016'!A80)) -> 437887 | B48: =IF(ISBLANK('May 2016'!G80),"",IF(ISTEXT('May 2016'!G80),0,'May 2016'!G80)) -> 58
A49: =IF(ISBLANK('May 2016'!A84),"",IF(ISTEXT('May 2016'!A84),0,'May 2016'!A84)) -> 436743 | B49: =IF(ISBLANK('May 2016'!G84),"",IF(ISTEXT('May 2016'!G84),0,'May 2016'!G84)) -> 30.84
A50: =IF(ISBLANK('May 2016'!A85),"",IF(ISTEXT('May 2016'!A85),0,'May 2016'!A85)) -> 437888 | B50: =IF(ISBLANK('May 2016'!G85),"",IF(ISTEXT('May 2016'!G85),0,'May 2016'!G85)) -> 876.79
A51: =IF(ISBLANK('May 2016'!A86),"",IF(ISTEXT('May 2016'!A86),0,'May 2016'!A86)) | B51: =IF(ISBLANK('May 2016'!G86),"",IF(ISTEXT('May 2016'!G86),0,'May 2016'!G86))
A52: =IF(ISBLANK('May 2016'!A87),"",IF(ISTEXT('May 2016'!A87),0,'May 2016'!A87)) | B52: =IF(ISBLANK('May 2016'!G87),"",IF(ISTEXT('May 2016'!G87),0,'May 2016'!G87))
A53: =IF(ISBLANK('May 2016'!A91),"",IF(ISTEXT('May 2016'!A91),0,'May 2016'!A91)) -> 437054 | B53: =IF(ISBLANK('May 2016'!G91),"",IF(ISTEXT('May 2016'!G91),0,'May 2016'!G91)) -> 31.88
A54: =IF(ISBLANK('May 2016'!A92),"",IF(ISTEXT('May 2016'!A92),0,'May 2016'!A92)) | B54: =IF(ISBLANK('May 2016'!G92),"",IF(ISTEXT('May 2016'!G92),0,'May 2016'!G92))
A55: =IF(ISBLANK('May 2016'!A93),"",IF(ISTEXT('May 2016'!A93),0,'May 2016'!A93)) | B55: =IF(ISBLANK('May 2016'!G93),"",IF(ISTEXT('May 2016'!G93),0,'May 2016'!G93))
A56: =IF(ISBLANK('May 2016'!A94),"",IF(ISTEXT('May 2016'!A94),0,'May 2016'!A94)) -> 437889 | B56: =IF(ISBLANK('May 2016'!G94),"",IF(ISTEXT('May 2016'!G94),0,'May 2016'!G94)) -> 394.74
A57: =IF(ISBLANK('May 2016'!A95),"",IF(ISTEXT('May 2016'!A95),0,'May 2016'!A95)) | B57: =IF(ISBLANK('May 2016'!G95),"",IF(ISTEXT('May 2016'!G95),0,'May 2016'!G95))
A58: =IF(ISBLANK('May 2016'!A96),"",IF(ISTEXT('May 2016'!A96),0,'May 2016'!A96)) | B58: =IF(ISBLANK('May 2016'!G96),"",IF(ISTEXT('May 2016'!G96),0,'May 2016'!G96))
A59: =IF(ISBLANK('May 2016'!A97),"",IF(ISTEXT('May 2016'!A97),0,'May 2016'!A97)) | B59: =IF(ISBLANK('May 2016'!G97),"",IF(ISTEXT('May 2016'!G97),0,'May 2016'!G97))
A60: =IF(ISBLANK('May 2016'!A98),"",IF(ISTEXT('May 2016'!A98),0,'May 2016'!A98)) | B60: =IF(ISBLANK('May 2016'!G98),"",IF(ISTEXT('May 2016'!G98),0,'May 2016'!G98))
A61: =IF(ISBLANK('May 2016'!A102),"",IF(ISTEXT('May 2016'!A102),0,'May 2016'!A102)) -> 436744 | B61: =IF(ISBLANK('May 2016'!G102),"",IF(ISTEXT('May 2016'!G102),0,'May 2016'!G102)) -> 4680.97
A62: =IF(ISBLANK('May 2016'!A103),"",IF(ISTEXT('May 2016'!A103),0,'May 2016'!A103)) | B62: =IF(ISBLANK('May 2016'!G103),"",IF(ISTEXT('May 2016'!G103),0,'May 2016'!G103))
A63: =IF(ISBLANK('May 2016'!A104),"",IF(ISTEXT('May 2016'!A104),0,'May 2016'!A104)) | B63: =IF(ISBLANK('May 2016'!G104),"",IF(ISTEXT('May 2016'!G104),0,'May 2016'!G104))
A64: =IF(ISBLANK('May 2016'!A105),"",IF(ISTEXT('May 2016'!A105),0,'May 2016'!A105)) | B64: =IF(ISBLANK('May 2016'!G105),"",IF(ISTEXT('May 2016'!G105),0,'May 2016'!G105)) -> 1911.04
A65: =IF(ISBLANK('May 2016'!A106),"",IF(ISTEXT('May 2016'!A106),0,'May 2016'!A106)) | B65: =IF(ISBLANK('May 2016'!G106),"",IF(ISTEXT('May 2016'!G106),0,'May 2016'!G106))
A66: =IF(ISBLANK('May 2016'!A107),"",IF(ISTEXT('May 2016'!A107),0,'May 2016'!A107)) | B66: =IF(ISBLANK('May 2016'!G107),"",IF(ISTEXT('May 2016'!G107),0,'May 2016'!G107)) -> 1141.99
A67: =IF(ISBLANK('May 2016'!A108),"",IF(ISTEXT('May 2016'!A108),0,'May 2016'!A108)) | B67: =IF(ISBLANK('May 2016'!G108),"",IF(ISTEXT('May 2016'!G108),0,'May 2016'!G108))
A68: =IF(ISBLANK('May 2016'!A109),"",IF(ISTEXT('May 2016'!A109),0,'May 2016'!A109)) -> 437055 | B68: =IF(ISBLANK('May 2016'!G109),"",IF(ISTEXT('May 2016'!G109),0,'May 2016'!G109)) -> 1013.44
A69: =IF(ISBLANK('May 2016'!A110),"",IF(ISTEXT('May 2016'!A110),0,'May 2016'!A110)) | B69: =IF(ISBLANK('May 2016'!G110),"",IF(ISTEXT('May 2016'!G110),0,'May 2016'!G110)) -> 1243.4
A70: =IF(ISBLANK('May 2016'!A111),"",IF(ISTEXT('May 2016'!A111),0,'May 2016'!A111)) | B70: =IF(ISBLANK('May 2016'!G111),"",IF(ISTEXT('May 2016'!G111),0,'May 2016'!G111)) -> 585.01
A71: =IF(ISBLANK('May 2016'!A112),"",IF(ISTEXT('May 2016'!A112),0,'May 2016'!A112)) | B71: =IF(ISBLANK('May 2016'!G112),"",IF(ISTEXT('May 2016'!G112),0,'May 2016'!G112)) -> 74.78
A72: =IF(ISBLANK('May 2016'!A113),"",IF(ISTEXT('May 2016'!A113),0,'May 2016'!A113)) | B72: =IF(ISBLANK('May 2016'!G113),"",IF(ISTEXT('May 2016'!G113),0,'May 2016'!G113)) -> 484.71
... A96: =IF(ISBLANK('May 2016'!A137),"",IF(ISTEXT('May 2016'!A137),0,'May 2016'!A137)) | B96: =IF(ISBLANK('May 2016'!G137),"",IF(ISTEXT('May 2016'!G137),0,'May 2016'!G137)) -> 3750
A97: =IF(ISBLANK('May 2016'!A141),"",IF(ISTEXT('May 2016'!A141),0,'May 2016'!A141)) -> 437409 | B97: =IF(ISBLANK('May 2016'!G141),"",IF(ISTEXT('May 2016'!G141),0,'May 2016'!G141)) -> 628.73
A98: =IF(ISBLANK('May 2016'!A142),"",IF(ISTEXT('May 2016'!A142),0,'May 2016'!A142)) -> 437891 | B98: =IF(ISBLANK('May 2016'!G142),"",IF(ISTEXT('May 2016'!G142),0,'May 2016'!G142)) -> 57.67
A99: =IF(ISBLANK('May 2016'!A146),"",IF(ISTEXT('May 2016'!A146),0,'May 2016'!A146)) -> 436745 | B99: =IF(ISBLANK('May 2016'!G146),"",IF(ISTEXT('May 2016'!G146),0,'May 2016'!G146)) -> 245
A100: =IF(ISBLANK('May 2016'!A150),"",IF(ISTEXT('May 2016'!A150),0,'May 2016'!A150)) -> 437892 | B100: =IF(ISBLANK('May 2016'!G150),"",IF(ISTEXT('May 2016'!G150),0,'May 2016'!G150)) -> 2050
A101: =IF(ISBLANK('May 2016'!A154),"",IF(ISTEXT('May 2016'!A154),0,'May 2016'!A154)) -> 437893 | B101: =IF(ISBLANK('May 2016'!G154),"",IF(ISTEXT('May 2016'!G154),0,'May 2016'!G154)) -> 71
A102: =IF(ISBLANK('May 2016'!A155),"",IF(ISTEXT('May 2016'!A155),0,'May 2016'!A155)) | B102: =IF(ISBLANK('May 2016'!G155),"",IF(ISTEXT('May 2016'!G155),0,'May 2016'!G155)) -> 29.42
A103: =IF(ISBLANK('May 2016'!A159),"",IF(ISTEXT('May 2016'!A159),0,'May 2016'!A159)) -> 437410 | B103: =IF(ISBLANK('May 2016'!G159),"",IF(ISTEXT('May 2016'!G159),0,'May 2016'!G159)) -> 262
A104: =IF(ISBLANK('May 2016'!A160),"",IF(ISTEXT('May 2016'!A160),0,'May 2016'!A160)) -> 437860 | B104: =IF(ISBLANK('May 2016'!G160),"",IF(ISTEXT('May 2016'!G160),0,'May 2016'!G160)) -> 599
A105: =IF(ISBLANK('May 2016'!A164),"",IF(ISTEXT('May 2016'!A164),0,'May 2016'!A164)) -> 437894 | B105: =IF(ISBLANK('May 2016'!G164),"",IF(ISTEXT('May 2016'!G164),0,'May 2016'!G164)) -> 750
A106: =IF(ISBLANK('May 2016'!A168),"",IF(ISTEXT('May 2016'!A168),0,'May 2016'!A168)) -> 437411 | B106: =IF(ISBLANK('May 2016'!G168),"",IF(ISTEXT('May 2016'!G168),0,'May 2016'!G168)) -> 1570
A107: =IF(ISBLANK('May 2016'!A169),"",IF(ISTEXT('May 2016'!A169),0,'May 2016'!A169)) -> 437895 | B107: =IF(ISBLANK('May 2016'!G169),"",IF(ISTEXT('May 2016'!G169),0,'May 2016'!G169)) -> 2285
A108: =IF(ISBLANK('May 2016'!A170),"",IF(ISTEXT('May 2016'!A170),0,'May 2016'!A170)) | B108: =IF(ISBLANK('May 2016'!G170),"",IF(ISTEXT('May 2016'!G170),0,'May 2016'!G170))
A109: =IF(ISBLANK('May 2016'!A174),"",IF(ISTEXT('May 2016'!A174),0,'May 2016'!A174)) -> 437412 | B109: =IF(ISBLANK('May 2016'!G174),"",IF(ISTEXT('May 2016'!G174),0,'May 2016'!G174)) -> 308.96
A110: =IF(ISBLANK('May 2016'!A175),"",IF(ISTEXT('May 2016'!A175),0,'May 2016'!A175)) -> 437896 | B110: =IF(ISBLANK('May 2016'!G175),"",IF(ISTEXT('May 2016'!G175),0,'May 2016'!G175)) -> 393.98
A111: =IF(ISBLANK('May 2016'!A179),"",IF(ISTEXT('May 2016'!A179),0,'May 2016'!A179)) -> 436746 | B111: =IF(ISBLANK('May 2016'!G179),"",IF(ISTEXT('May 2016'!G179),0,'May 2016'!G179)) -> 116.64
A112: =IF(ISBLANK('May 2016'!A180),"",IF(ISTEXT('May 2016'!A180),0,'May 2016'!A180)) -> 437897 | B112: =IF(ISBLANK('May 2016'!G180),"",IF(ISTEXT('May 2016'!G180),0,'May 2016'!G180)) -> 164.39
A113: =IF(ISBLANK('May 2016'!A181),"",IF(ISTEXT('May 2016'!A181),0,'May 2016'!A181)) | B113: =IF(ISBLANK('May 2016'!G181),"",IF(ISTEXT('May 2016'!G181),0,'May 2016'!G181))
A114: =IF(ISBLANK('May 2016'!A185),"",IF(ISTEXT('May 2016'!A185),0,'May 2016'!A185)) -> 436747 | B114: =IF(ISBLANK('May 2016'!G185),"",IF(ISTEXT('May 2016'!G185),0,'May 2016'!G185)) -> 6885
A115: =IF(ISBLANK('May 2016'!A189),"",IF(ISTEXT('May 2016'!A189),0,'May 2016'!A189)) -> 437056 | B115: =IF(ISBLANK('May 2016'!G189),"",IF(ISTEXT('May 2016'!G189),0,'May 2016'!G189)) -> 375
A116: =IF(ISBLANK('May 2016'!A190),"",IF(ISTEXT('May 2016'!A190),0,'May 2016'!A190)) -> 437413 | B116: =IF(ISBLANK('May 2016'!G190),"",IF(ISTEXT('May 2016'!G190),0,'May 2016'!G190)) -> 225
A117: =IF(ISBLANK('May 2016'!A191),"",IF(ISTEXT('May 2016'!A191),0,'May 2016'!A191)) -> 437898 | B117: =IF(ISBLANK('May 2016'!G191),"",IF(ISTEXT('May 2016'!G191),0,'May 2016'!G191)) -> 225
A118: =IF(ISBLANK('May 2016'!A192),"",IF(ISTEXT('May 2016'!A192),0,'May 2016'!A192)) -> 437899 | B118: =IF(ISBLANK('May 2016'!G192),"",IF(ISTEXT('May 2016'!G192),0,'May 2016'!G192)) -> 325
A119: =IF(ISBLANK('May 2016'!A193),"",IF(ISTEXT('May 2016'!A193),0,'May 2016'!A193)) -> 437900 | B119: =IF(ISBLANK('May 2016'!G193),"",IF(ISTEXT('May 2016'!G193),0,'May 2016'!G193)) -> 325
A120: =IF(ISBLANK('May 2016'!A197),"",IF(ISTEXT('May 2016'!A197),0,'May 2016'!A197)) -> 436752 | B120: =IF(ISBLANK('May 2016'!G197),"",IF(ISTEXT('May 2016'!G197),0,'May 2016'!G197)) -> 2276.94
A121: =IF(ISBLANK('May 2016'!A198),"",IF(ISTEXT('May 2016'!A198),0,'May 2016'!A198)) | B121: =IF(ISBLANK('May 2016'!G198),"",IF(ISTEXT('May 2016'!G198),0,'May 2016'!G198))
A122: =IF(ISBLANK('May 2016'!A199),"",IF(ISTEXT('May 2016'!A199),0,'May 2016'!A199)) | B122: =IF(ISBLANK('May 2016'!G199),"",IF(ISTEXT('May 2016'!G199),0,'May 2016'!G199))
A123: =IF(ISBLANK('May 2016'!A200),"",IF(ISTEXT('May 2016'!A200),0,'May 2016'!A200)) | B123: =IF(ISBLANK('May 2016'!G200),"",IF(ISTEXT('May 2016'!G200),0,'May 2016'!G200))
...
